Map: Orbital Shipyard

Players

lesha - Winner!

  • Race: Terran Terran
  • League: Silver

LeeroyJenkin

  • Race: Terran Terran
  • League: Silver

VOD

Have the link to the VOD?

Description

Time

  • Played on: Dec. 11, 2015, 10:47 a.m.
  • Length: 14:33
Show
View Real Time Build Order
Export as new Build Order

lesha Terran - Winner!

Build Orders: MMM Bio 

Get SALT Encoding   

  12  0:01  SCV  
  13  0:16  SCV  
  13  0:19  Supply Depot  
  14  0:28  SCV  
  15  0:40  SCV  
  15  0:42  Barracks  
  16  0:52  SCV  
  17  1:04  SCV  
  18  1:15  Command Center  
  18  1:17  SCV  
  19  1:30  Orbital Command  
  19  1:36  Refinery  
  19  1:41  Refinery  
  19  1:42  Marine  
  20  1:50  Supply Depot  
  20  1:58  SCV  
  21  2:10  SCV  
  21  2:23  SCV  
  21  2:24  Marine  
  23  2:32  Orbital Command  
  23  2:35  SCV  
  24  2:41  Factory  
  24  2:47  SCV  
  25  2:52  Barracks, Marine  
  26  2:59  SCV x2  
  28  3:10  Marine  
  28  3:11  SCV x2  
  31  3:23  SCV  
  32  3:27  Starport  
  32  3:28  Factory Tech Lab  
  32  3:35  Barracks Tech Lab  
  32  3:36  SCV x2  
  34  3:42  Engineering Bay  
  34  3:45  Barracks Reactor  
  34  3:48  SCV x2, Siege Tank  
  39  4:02  Supply Depot  
  39  4:03  Supply Depot, SCV x2  
  39  4:08  Supply Depot  
  39  4:09  Marauder  
  43  4:12  Starport Tech Lab  
  43  4:15  SCV  
  43  4:16  SCV  
  45  4:21  Refinery, Stimpack  
  45  4:27  Refinery  
  45  4:37  Missile Turret  
  45  4:40  SCV x2, Missile Turret  
  45  4:42  Marine x2  
  45  4:45  Marauder  
  51  4:52  SCV x2  
  53  4:55  Medivac  
  55  5:00  Siege Tank, Marine  
  55  5:04  SCV x2  
  61  5:08  Missile Turret  
  61  5:10  Missile Turret  
  61  5:18  Command Center  
  61  5:24  SCV  
  61  5:25  SCV  
  63  5:35  Marine x2  
  64  5:36  SCV, Marauder  
  64  5:37  SCV  
  69  5:47  Supply Depot  
  69  5:48  Supply Depot  
  69  5:50  Supply Depot  
  69  5:53  Marine  
  70  6:09  Marauder, Medivac, Marine  
  70  6:11  Marine  
  76  6:16  Supply Depot  
  76  6:18  Terran Infantry Weapons Level 1  
  76  6:19  Supply Depot x2  
  76  6:21  Combat Shields  
  76  6:26  Marine  
  76  6:29  Marine  
  76  6:31  Marauder  
  80  6:35  Engineering Bay  
  80  6:36  Orbital Command  
  80  6:38  Barracks  
  80  6:39  SCV x2, Medivac  
  84  6:40  Barracks  
  84  6:44  Marine  
  84  6:46  Marine  
  86  6:51  SCV x2  
  86  6:52  Marauder  
  90  7:02  Marine, Orbital Command  
  90  7:04  Marine  
  92  7:09  Medivac  
  92  7:13  Marauder  
  96  7:20  SCV x2  
  98  7:32  SCV x2  
  100  7:45  Barracks Reactor x2, Marine x2  
  100  7:48  Marauder  
  100  7:49  Medivac  
  106  7:54  Concussive Shells  
  106  7:56  Terran Infantry Armor Level 1  
  106  8:00  SCV x2  
  106  8:01  SCV, Armory  
  106  8:03  Marine x2  
  111  8:10  Marauder  
  111  8:12  SCV  
  114  8:13  SCV x2, Refinery  
  114  8:14  Refinery  
  114  8:19  Medivac  
  118  8:21  Marine x2  
  118  8:22  Barracks  
  118  8:24  SCV, Barracks  
  118  8:25  Barracks  
  113  8:30  Marine  
  105  8:50  Marine x5  
  105  8:51  Marine x2  
  105  8:53  Medivac  
  114  9:09  Marauder  
  116  9:11  SCV x3  
  119  9:17  Command Center  
  119  9:20  Marine x4  
  119  9:21  Marine x2  
  119  9:23  SCV x3, Medivac  
  130  9:31  Marauder  
  132  9:35  SCV  
  133  9:41  Barracks Reactor  
  133  9:42  Barracks Reactor  
  133  9:50  Supply Depot  
  133  9:54  Supply Depot  
  133  9:55  Supply Depot  
  133  9:56  Supply Depot  
  133  10:11  Marine x7  
  140  10:16  Medivac  
  142  10:26  Marine x2  
  142  10:27  Marine x2  
  146  10:29  Marine x7  
  153  10:44  SCV x3, Marine x4  
  153  10:46  Marine, Orbital Command, Medivac  
  163  10:56  SCV x3  
  141  11:09  Command Center  
  141  11:10  Marine x7  
  141  11:11  Marine x3  
  115  11:13  Marauder  
  115  11:15  Medivac  
  110  11:26  Terran Infantry Weapons Level 2  
  110  11:27  Marine, Terran Infantry Armor Level 2  
  110  11:28  Marine x4  
  115  11:34  Marauder, Orbital Command  
  117  11:41  Marine  
  117  11:42  Marine x4  
  117  11:45  Marine x2  
  117  11:46  Marine x2  
  128  11:51  Starport Reactor  
  126  12:02  Marine x6  
  126  12:03  Barracks Reactor, Marine x3  
  94  12:23  Marine x4  
  94  12:24  Marine x7  
  98  12:32  Medivac  
  98  12:33  Medivac  
  101  12:41  Supply Depot, Marine x5  
  106  12:54  SCV x5  
  111  12:59  Marine x2  
  111  13:00  Marine x8  
  111  13:01  Marine x3  
  111  13:02  Medivac  
  111  13:03  Medivac  
  128  13:06  SCV x5  
  133  13:17  Marine x3  
  136  13:22  Marine  
  136  13:23  Marine x7  
  136  13:24  Marine x2  
  146  13:34  Medivac  
  146  13:35  Marine x3, Medivac  
  146  13:40  Marine x2  
  146  13:41  Marine x7  
  156  13:42  Marine  
  163  13:53  Marine x3  
  163  13:54  Command Center  
  166  13:55  Command Center  
  166  13:58  Marine x3  
  166  13:59  Marine x7  
  176  14:05  Starport  
  176  14:07  Starport  
  180  14:11  Marine x3  
Show
View Real Time Build Order
Export as new Build Order

LeeroyJenkin Terran 

Build Orders: MMM Bio 

Get SALT Encoding   

  12  0:02  SCV  
  13  0:14  SCV  
  13  0:17  Supply Depot  
  14  0:27  SCV  
  15  0:39  SCV  
  15  0:40  Barracks  
  16  0:52  SCV, Refinery  
  17  1:04  SCV  
  18  1:29  Command Center  
  18  1:32  SCV  
  19  1:42  Marine  
  19  1:43  Supply Depot  
  19  1:45  SCV  
  21  1:56  Barracks  
  21  2:01  Orbital Command  
  21  2:05  Barracks Tech Lab  
  21  2:30  Marine  
  21  2:35  SCV  
  23  2:42  Refinery  
  23  2:44  Barracks  
  23  2:47  SCV  
  23  2:50  Supply Depot  
  24  2:53  Stimpack, Marine  
  25  2:59  Barracks Tech Lab  
  25  3:00  SCV  
  27  3:12  SCV  
  27  3:18  Engineering Bay  
  27  3:19  Marine  
  28  3:26  SCV  
  30  3:29  Orbital Command  
  29  3:35  Combat Shields  
  29  3:37  Barracks Reactor  
  29  3:39  SCV  
  30  3:44  Barracks  
  30  3:56  Marauder  
  30  3:57  Marauder  
  30  4:01  SCV  
  30  4:02  SCV  
  36  4:17  Marine x2  
  36  4:19  Terran Infantry Weapons Level 1  
  38  4:27  SCV x2  
  38  4:28  Factory  
  40  4:33  Barracks Reactor  
  40  4:39  SCV x2  
  42  4:50  Refinery  
  42  4:51  SCV  
  43  4:57  Engineering Bay  
  43  4:58  Marine x2  
  43  4:59  Marauder x2  
  49  5:05  SCV  
  49  5:06  SCV  
  51  5:14  Marine x2  
  51  5:16  Refinery, Marine  
  51  5:18  Factory Reactor  
  54  5:22  Supply Depot  
  54  5:29  Supply Depot, Terran Infantry Armor Level 1  
  54  5:37  Starport  
  54  5:43  SCV, Marine x3  
  58  5:52  Marine x2  
  58  5:53  Marauder  
  58  5:56  SCV x2  
  64  6:03  Concussive Shells  
  64  6:06  Marine x2  
  64  6:07  Marine  
  64  6:08  SCV x2  
  64  6:10  Marine  
  70  6:12  Command Center  
  70  6:17  Supply Depot  
  70  6:22  Supply Depot  
  70  6:24  Marine  
  70  6:25  Marauder  
  73  6:38  Factory Tech Lab  
  73  6:41  Medivac x2  
  73  6:43  Marine x2  
  73  6:44  Marauder  
  73  6:45  Marine  
  73  6:46  Marauder  
  84  6:49  Marine  
  85  6:56  SCV x2  
  87  7:01  Marine  
  87  7:03  Marine  
  87  7:04  Marine  
  94  7:08  Marauder x2  
  94  7:24  Medivac x2  
  94  7:29  Marauder  
  99  7:51  Marauder x2, Marine x4  
  103  7:52  SCV  
  103  7:53  SCV  
  109  8:07  Supply Depot  
  109  8:10  Supply Depot  
  109  8:11  Supply Depot  
  109  8:21  SCV x2, Marine x2  
  109  8:22  SCV, Marine x3  
  90  8:30  Supply Depot  
  90  8:34  SCV x2  
  89  8:45  Marine x4  
  89  8:46  Marauder x2  
  89  8:49  Orbital Command  
  89  8:53  Siege Tank  
  92  9:02  Marine  
  92  9:03  Marine x3  
  92  9:07  Marauder x2  
  92  9:08  Missile Turret  
  100  9:11  Missile Turret  
  100  9:13  SCV x2  
  102  9:20  Marine x2  
  104  9:25  SCV x2, Siege Tank  
  104  9:27  Marine x2  
  104  9:28  Marauder, Marine  
  114  9:38  Marine x2  
  114  9:45  SCV x2, Marine x2  
  118  9:46  SCV, Marauder  
  118  9:50  Marauder  
  115  9:56  Marine x2  
  115  9:57  Siege Tank  
  115  9:58  SCV  
  121  10:03  Marine  
  122  10:08  Marauder  
  122  10:10  SCV  
  125  10:25  Marine x2  
  125  10:26  Marauder, Marine x2  
  123  10:29  Medivac x2, Marine  
  124  10:45  Supply Depot  
  124  10:47  Marine x2  
  126  10:57  Marine  
  126  10:58  Marine x3  
  110  11:04  Marine x2  
  110  11:09  Supply Depot  
  103  11:15  Marine  
  103  11:16  Marauder  
  104  11:19  Marine  
  104  11:20  Marine  
  104  11:22  Marine x2  
  108  11:33  Marine  
  108  11:37  Marine  
  108  11:38  Marauder x2  
  114  11:40  Marine x2, Medivac x2  
  120  11:47  Armory  
  120  11:51  Marine  
  121  11:58  Supply Depot  
  121  11:59  Marauder  
  123  12:07  Command Center  
  117  12:21  Supply Depot  
  88  12:33  Marine x3  
  88  12:34  Marauder, Marine x2  
  89  12:45  Command Center, Supply Depot  
  89  12:51  Marine x5  
  89  12:55  Factory, Marine  
  95  13:07  Supply Depot  
  95  13:08  Factory Tech Lab  
  95  13:09  Marine x4  
  95  13:10  Marauder  
  101  13:13  Marauder  
  101  13:15  Medivac x2  
  107  13:26  Marine  
  107  13:27  Marine x3  
  108  13:31  Marauder  
  108  13:34  Marauder, Orbital Command  
  113  13:36  SCV x2  
  117  13:44  Marine  
  117  13:48  SCV x2  
  120  14:00  SCV x2, Marine x3  
  120  14:01  Marauder, Marine  
  128  14:14  SCV x3  
Tags
 
Add a new tag
Caveats
  • Supply blocks, unpowered buildings, or Contaminate may cause inaccurate times.
  • Supply counts are checked every 10 seconds.